 Dungeon Crawl Stone Soup version 0.20.0-15-g7f486f2 (webtiles) character file.

245 KleinerIrrer the Insei (level 6, -3/51 HPs)
             Began as a Naga Transmuter on June 28, 2017.
             Slain by Grinder (6 damage)
             ... on level 3 of the Dungeon.
             The game lasted 00:17:47 (4652 turns).

KleinerIrrer the Insei (Naga Transmuter)            Turns: 4652, Time: 00:17:50

Health: -3/51      AC:  4    Str: 12    XL:     6   Next: 10%
Magic:  8/10       EV: 10    Int: 14    God:
Gold:   124        SH:  0    Dex: 13    Spells: 4/10 levels left

rFire    . . .     SeeInvis +     - Unarmed
rCold    . . .     Gourm    .   (no shield)
rNeg     . . .     Faith    .   b - +0 robe
rPois    +         Spirit   .   (no helmet)
rElec    .         Reflect  .   (no cloak)
rCorr    .         Harm     .   f - +0 pair of gloves
MR       .....                  (no barding)
Stlth    ++........             (no amulet)
Regen    0.2/turn               (no ring)
MPRegen  0.2/turn               (no ring)

@: very slow
A: see invisible, deformed body, poison resistance, slowness 2, slow metabolism
1, spit poison 1, AC +2
a: Spit Poison


You were on level 3 of the Dungeon.
You were not hungry.

You visited 1 branch of the dungeon, and saw 3 of its levels.

You collected 124 gold pieces.

Inventory:

Hand Weapons
 i - a +3 dagger
Missiles
 a - 25 arrows
Armour
 b - a +0 robe (worn)
 f - a +0 pair of gloves (worn)
Scrolls
 e - a scroll of identify {unknown}
 g - 2 scrolls of teleportation
 r - a scroll of enchant armour {unknown}
Potions
 j - a potion of cancellation {unknown}
 k - 2 potions of mutation {unknown}
 m - 2 potions of haste {unknown}
 n - 2 potions of heal wounds {unknown}
 o - a potion of might {unknown}
 t - a potion of magic {unknown}
Books
 c - a book of Changes

   Spells                             Type                      Level
   a - Beastly Appendage              Transmutation                1
   b - Sticks to Snakes               Transmutation                2
   c - Spider Form                    Transmutation/Poison         3
   d - Ice Form                       Ice/Transmutation            4
   e - Blade Hands                    Transmutation                5
Comestibles
 d - 2 bread rations
 l - a royal jelly
 p - 5 fruits
 q - a meat ration
 s - 3 chunks of flesh


   Skills:
 + Level 1.2 Fighting
 + Level 1.8 Dodging
 * Level 2.2 Stealth
 * Level 4.9 Unarmed Combat
 + Level 2.9 Spellcasting
 * Level 3.4 Transmutations


You had 4 spell levels left.
You knew the following spells:

 Your Spells              Type           Power        Failure   Level  Hunger
a - Beastly Appendage     Tmut           ##....       5%          1    #......
b - Sticks to Snakes      Tmut           ##......     8%          2    ##.....
c - Spider Form           Tmut/Pois      #.........   32%         3    ###....


Dungeon Overview and Level Annotations

Branches:
Dungeon (3/15)

Altars:
Elyvilon

Annotations:
D:3 Grinder; KleinerIrrer's ghost, amateur NaWr


Innate Abilities, Weirdness & Mutations

You cannot wear boots.
Your serpentine skin is tough. (AC +2)
You have supernaturally acute eyesight. (SInv)
Armour fits poorly on your strangely shaped body.
Your system is resistant to poisons. (rPois)
You cover ground very slowly.
You have a slow metabolism.
You can spit poison.


Message History

Grinder gestures at you.
You struggle to resist.
You bite Grinder!
Grinder is severely wounded.
Grinder gestures at you.
You suddenly lose the ability to move!
Grinder blinks!
You can move again.
Grinder gestures at you. Pain shoots through your body!
* * * LOW HITPOINT WARNING * * *
Okay, then.
Your transformation has ended.
Your +0 pair of gloves unmelds from your body.
Your +0 robe unmelds from your body.
Grinder says, "Are you a fish?" Grinder hits you.
* * * LOW HITPOINT WARNING * * *
You writhe in agony.
You die...

#.......##### ##.########.
####.##.....# #...((o.##)
#.##)###.########.##.......
#.##.###.#.>......##.##.##.
#......#.#.#####.(##.......
####.#.#.#.##...........##.
#.#........##..##.##....
#(....#5#####...........
#######@#####..##.......
#........#####..##
########..####..##
####..........
#.......###### #.###.#.#
#.. #.###.#.# #.. #.##..#.#
#.) #.##.##.# #..


You could see Grinder.

Vanquished Creatures
  A scorpion (D:2)
  An orc wizard (D:3)
  3 adders
  2 worms (D:2)
  A dart slug (D:1)
  2 leopard geckos (D:3)
  7 orcs
  7 bats
  2 giant cockroaches
  12 goblins
  9 hobgoblins
  14 jackals
  10 kobolds
  A ball python (D:1)
  4 frilled lizards
  10 rats
86 creatures vanquished.

Vanquished Creatures (collateral kills)
  2 orc wizards
  A giant cockroach (D:2)
  2 goblins
  2 hobgoblins (D:2)
  A jackal (D:2)
  A quokka (D:3)
  A ball python (D:3)
  A rat (D:2)
11 creatures vanquished.

Grand Total: 97 creatures vanquished

Notes
Turn   | Place    | Note
-------+----------+-------------------------------------------
     0 | D:1      | KleinerIrrer the Naga Transmuter began the quest for the Orb.
     0 | D:1      | Reached XP level 1. HP: 18/18 MP: 3/3
   106 | D:1      | Reached XP level 2. HP: 5/25 MP: 5/5
   620 | D:1      | Reached XP level 3. HP: 23/31 MP: 4/6
   735 | D:1      | Reached skill level 1 in Stealth
   915 | D:1      | Learned a level 2 spell: Sticks to Snakes
  1146 | D:1      | Reached skill level 4 in Unarmed Combat
  1689 | D:2      | Reached XP level 4. HP: 29/38 MP: 5/7
  2061 | D:2      | Found a white marble altar of Elyvilon.
  2919 | D:2      | Reached XP level 5. HP: 14/44 MP: 2/8
  3415 | D:3      | Noticed KleinerIrrer's ghost (amateur NaWr)
  4094 | D:3      | Reached XP level 6. HP: 35/51 MP: 7/10
  4107 | D:3      | Learned a level 3 spell: Spider Form
  4577 | D:3      | Noticed Grinder
  4599 | D:3      | Paralysed by Grinder for 4 turns
  4607 | D:3      | Paralysed by Grinder for 4 turns
  4645 | D:3      | Paralysed by Grinder for 3 turns
  4652 | D:3      | Slain by Grinder

Skill      XL: |  1  2  3  4  5 |
---------------+----------------+-----
Stealth        | 1 2 |  2.2
Unarmed Combat | 4 |  4.9
Transmutations | 3 |  3.4
Fighting       | |  1.2
Dodging        | |  1.8
Spellcasting   | |  2.9

Action                   |  1- 3 |  4- 6 || total
-------------------------+-------+-------++-------
Melee: Unarmed           |   122 |   209 ||   331
       Headbutt          |    10 |    21 ||    31
       Punch             |     1 |     1 ||     2
 Cast: Beastly Appendage |    24 |    32 ||    56
       Sticks to Snakes  |     3 |    19 ||    22
       Spider Form       |       |     3 ||     3
  Use: Scroll            |       |     2 ||     2
       Potion            |       |     2 ||     2
 Stab: Sleeping          |     2 |     4 ||     6
       Distracted        |       |     1 ||     1
  Eat: Chunk             |     2 |     7 ||     9
       Bread ration      |       |     1 ||     1
Armor: Robe              |    37 |    42 ||    79
Dodge: Dodged            |    69 |   126 ||   195
